 Dungeon Crawl Stone Soup version 0.27-a0-1324-ge0d8e047f6 (webtiles) character file.

Game seed: 16766033137635838712

9425 funkygono the Destroyer (level 11, 0/58 HPs)
             Began as a Gargoyle Fire Elementalist on June 23, 2021.
             Was a Priest of Vehumet.
             Slain by Snorg (7 damage)
             ... on level 10 of the Dungeon.
             The game lasted 00:30:21 (12946 turns).

funkygono the Destroyer (GrFE)                     Turns: 12946, Time: 00:30:22

Health: 0/58       AC: 20    Str: 17    XL:     11   Next: 46%
Magic:  12/24      EV: 15    Int: 20    God:    Vehumet [***...]
Gold:   532        SH:  0    Dex: 10    Spells: 10/28 levels left

rFire    . . .     SeeInvis .   G - +0 whip (freeze)
rCold    + . .     Faith    .   (no shield)
rNeg     + . .     Spirit   .   D - +1 ring mail of Baweazau {Str+6}
rPois    ∞         Reflect  .   s - +0 helmet
rElec    +         Harm     .   p - +0 cloak
rCorr    .         Rampage  .   g - +1 pair of gloves
Will     .....                  q - +0 pair of boots
Stlth    +.........             (no amulet)
HPRegen  0.19/turn              d - ring of protection from cold
MPRegen  0.19/turn              j - +4 ring of evasion

@: no status effects
A: sickness immunity, AC +8, negative energy resistance 1, electricity
resistance, torment resistance 1, petrification resistance
a: Renounce Religion


You were on level 10 of the Dungeon.
You worshipped Vehumet.
Vehumet was most pleased with you.
You visited 2 branches of the dungeon, and saw 11 of its levels.

You collected 532 gold pieces.

Inventory:

Hand Weapons
 l - a +0 mace
 o - a +2 quarterstaff of chaos
 A - a +0 short sword
 G - a +0 whip of freezing (weapon)
Missiles
 i - 8 throwing nets
 u - 352 stones
Armour
 e - a +0 leather armour
 g - a +1 pair of gloves (worn)
 p - a +0 cloak (worn)
 q - a +0 pair of boots (worn)
 s - a +0 helmet (worn)
 D - the +1 ring mail of Baweazau (worn) {Str+6}
   (You found it on level 6 of the Dungeon)

   It affects your strength (+6).
 H - a +1 robe of cold resistance
 I - a +2 buckler
Jewellery
 d - a ring of protection from cold (left hand)
 j - a +4 ring of evasion (right hand)
 E - a +6 ring of strength
Wands
 m - a wand of polymorph (11)
 y - a wand of flame (38)
 B - a wand of iceblast (15)
 F - a wand of acid (8)
 L - a wand of digging (3)
Scrolls
 r - a scroll of fear {unknown}
 w - 2 scrolls of amnesia
 J - a scroll of teleportation
Potions
 a - a potion of mutation {unknown}
 b - 2 potions of curing
 c - a potion of cancellation
 f - 4 potions of ambrosia
 k - 4 potions of lignification
 n - a potion of might
 t - a potion of magic {unknown}
 v - 2 potions of brilliance
 x - 3 potions of flight {unknown}
 z - a potion of degeneration {unknown}
 C - a potion of attraction {unknown}
 K - 2 potions of haste {unknown}


   Skills:
 + Level 2.5 Fighting
 + Level 3.5 Maces & Flails
 + Level 4.4 Armour
 + Level 4.0 Dodging
 - Level 2.1 Stealth
 + Level 9.4 Spellcasting
 + Level 9.7 Conjurations
 + Level 9.2 Fire Magic
 + Level 1.2 Earth Magic


You had 10 spell levels left.
You knew the following spells:

 Your Spells              Type           Power      Damage    Failure   Level
a - Foxfire               Conj/Fire      100%       2x1d9     1%          1
b - Conjure Flame         Conj/Fire      47%        6-21      1%          3
c - Sticky Flame          Conj/Fire      47%        2d6       1%          4
d - Fireball              Conj/Fire      23%        3d11      1%          5
e - Sandblast             Erth           28%        2d8       2%          1
f - Hailstorm             Conj/Ice       28%        3d8       4%          4

Your spell library contained the following spells:

 Spells                   Type           Power      Damage    Failure   Level
 Magic Dart               Conj           100%       1d8       1%          1
 Inner Flame              Hex/Fire       27%        N/A       1%          3
 Mephitic Cloud           Conj/Pois/Air  22%        N/A       2%          3
 Animate Skeleton         Necr           18%        N/A       13%         1
 Apportation              Tloc           18%        N/A       13%         1
 Corona                   Hex            10%        N/A       13%         1
 Summon Small Mammal      Summ           36%        N/A       13%         1
 Blink                    Tloc           N/A        N/A       19%         2
 Call Imp                 Summ           9%         N/A       19%         2
 Slow                     Hex            9%         N/A       19%         2


Dungeon Overview and Level Annotations

Branches:
Dungeon (10/15)            Temple (1/1) D:4            Lair (0/6) D:10
    Orc: D:9-12

Altars:
Ashenzari
Cheibriados
Dithmenos
Elyvilon
Fedhas
Gozag
Hepliaklqana
Kikubaaqudgha
Makhleb
Nemelex Xobeh
Okawaru
Qazlal
Ru
Sif Muna
Trog
Uskayaw
Vehumet
Wu Jian
Xom
Yredelemnul
Zin
The Shining One

Shops:
D:1 =   D:6 ?   D:8 :

Annotations:
D:10 Snorg


Innate Abilities, Weirdness & Mutations

You are immune to sickness and miasma.
Your stone body is resilient. (AC +8)
You are immune to poison.
You resist negative energy. (rN+)
You are resistant to electric shocks. (rElec)
You are resistant to unholy torment.
You are immune to petrification.


Message History

Snorg is covered in liquid flames!
Snorg burns!
Snorg bites you but does no damage. Snorg claws you. x2
Okay, then.
Unknown command.
You barely miss Snorg.
Snorg is severely wounded.
Snorg burns!
Snorg goes berserk!
You hit Snorg. You freeze Snorg.
Snorg is severely wounded.
Snorg burns!
Snorg bites you! Snorg barely misses you. Snorg claws you.
* * * LOW HITPOINT WARNING * * *
Snorg barely misses you. Snorg claws you but does no damage.
Snorg barely misses you.
Your magical contamination has completely faded away.
Casting: Sticky Flame (dangerous; 1% risk of failure)
Confirm with . or Enter, or press ? or * to list all spells.
You conjure some foxfire!
Snorg burns!
Snorg bites you but does no damage. Snorg closely misses you. Snorg claws you!
* * * LOW HITPOINT WARNING * * *
Unknown command.
You feel much better.
Snorg burns!
The foxfire hits Snorg.
Snorg is almost dead.
The foxfire hits Snorg.
Snorg is almost dead.
Snorg bites you!
* * * LOW HITPOINT WARNING * * *
Snorg closely misses you. Snorg barely misses you. x2
Snorg closely misses you. x2
Casting: Foxfire (safe; 1% risk of failure)
Confirm with . or Enter, or press ? or * to list all spells.
Okay, then.
Snorg burns!
Okay, then.
Snorg burns!
Snorg bites you but does no damage. Snorg claws you but does no damage.
Snorg claws you.
* * * LOW HITPOINT WARNING * * *
Snorg burns!
Snorg burns!
Snorg closely misses you. Snorg completely misses you. Snorg claws you!
You die...

..........###...###......>.......
...........#....###..............
............................)....
.............................###.
.......................).....###.
.............................###.
.....................###.........
.....................###.........
............@....###.........
............#T..............#
...........###..............#
............#................
.........................##..
........................##
.......................##
#...................)..#
........................#


You could see Snorg (berserk, burning).

Vanquished Creatures
  3 two-headed ogres
  Pikel (D:7)
  Maurice (D:10)
  Grinder (D:3)
  A wyvern (D:7)
  2 wraiths (D:10)
  13 yaks
  A steam dragon (D:8)
  An acid dragon (D:8)
  2 water moccasins (D:7)
  3 orc warriors
  3 sky beasts
  3 necrophages
  A centaur (D:9)
  3 ogres
  2 phantoms (D:6)
  A kobold brigand (D:8)
  A bullfrog (D:9)
  2 scorpions (D:4)
  A gnoll sergeant (D:10)
  A wyvern skeleton (D:6)
  8 killer bees
  4 wights (D:10)
  6 howler monkeys
  A bullfrog zombie (D:6)
  2 centaur zombies
  2 hounds
  3 jellies
  Crazy Yiuf (D:3)
  4 orc priests
  4 gnoll shamans
  6 centaur skeletons
  Natasha (twice) (D:3)
  2 iguanas
  8 orc wizards
  A hound skeleton (D:4)
  A howler monkey zombie (D:8)
  Robin (D:3)
  19 gnolls
  A howler monkey skeleton (D:6)
  7 adders
  A white imp (D:7)
  An ufetubus (D:5)
  An adder skeleton (D:4)
  3 dart slugs
  21 orcs
  9 ball pythons
  A bat (D:1)
  9 endoplasms
  5 giant cockroaches
  12 goblins
  7 hobgoblins
  5 jackals
  9 kobolds
  3 frilled lizards
  11 rats
228 creatures vanquished.

Vanquished Creatures (collateral kills)
  2 foxfires
2 creatures vanquished.

Vanquished Creatures (others)
  1114 foxfires
  A plant (D:4)
1115 creatures vanquished.

Grand Total: 1345 creatures vanquished

Notes
Turn   | Place    | Note
-------+----------+-------------------------------------------
     0 | D:1      | funkygono the Gargoyle Fire Elementalist began the quest
                  | for the Orb.
     0 | D:1      | Reached XP level 1. HP: 10/10 MP: 3/3
   320 | D:1      | Reached XP level 2. HP: 8/15 MP: 0/5
   475 | D:1      | Found Sockud's Jewellery Emporium.
   508 | D:1      | Found a faded altar of an unknown god.
  1017 | D:2      | Reached XP level 3. HP: 19/19 MP: 1/6
  1712 | D:2      | Learned a level 3 spell: Conjure Flame
  1736 | D:3      | Noticed Natasha
  1737 | D:3      | Reached XP level 4. HP: 24/24 MP: 5/7
  1742 | D:3      | Killed Natasha
  1977 | D:3      | Noticed Grinder
  1999 | D:3      | Paralysed by Grinder for 5 turns
  2007 | D:3      | Killed Grinder
  2008 | D:3      | Reached XP level 5. HP: 14/28 MP: 0/10
  2008 | D:3      | Reached XP level 6. HP: 17/33 MP: 0/11
  2158 | D:3      | Learned a level 4 spell: Sticky Flame
  2187 | D:3      | Found a runed translucent door.
  2188 | D:3      | Noticed Crazy Yiuf
  2202 | D:3      | Killed Crazy Yiuf
  2203 | D:3      | Reached skill level 1 in Maces & Flails
  2501 | D:3      | Noticed Natasha
  2518 | D:3      | Killed Natasha
  2755 | D:3      | Noticed Robin
  2778 | D:3      | Killed Robin
  3103 | D:4      | Found a staircase to the Ecumenical Temple.
  3115 | D:4      | Reached skill level 5 in Fire Magic
  3115 | D:4      | Reached XP level 7. HP: 37/37 MP: 8/13
  3130 | D:4      | Learned a level 5 spell: Fireball
  3137 | Temple   | Entered the Ecumenical Temple
  3200 | Temple   | Became a worshipper of Vehumet
  3272 | D:4      | Reached skill level 1 in Fighting
  4049 | D:4      | Reached skill level 5 in Spellcasting
  4049 | D:4      | Reached XP level 8. HP: 43/43 MP: 9/15
  4349 | D:4      | Found a glowing golden altar of the Shining One.
  4447 | D:5      | Entered Level 5 of the Dungeon
  4498 | D:5      | Reached * piety under Vehumet
  4498 | D:5      | Offered knowledge of Sandblast by Vehumet.
  4613 | D:5      | You fall into a shaft and drop 1 floor!
  4613 | D:6      | Found Bueg's Magic Scroll Shop.
  5302 | D:5      | Reached skill level 5 in Conjurations
  6307 | D:6      | Reached XP level 9. HP: 47/47 MP: 12/18
  6309 | D:6      | Learned a level 1 spell: Sandblast
  6351 | D:6      | Identified the +1 ring mail of Baweazau {Str+6}
  6910 | D:6      | Noticed a two-headed ogre
  6921 | D:6      | Killed a two-headed ogre
  7372 | D:7      | Noticed Pikel
  7381 | D:7      | Killed Pikel
  7381 | D:7      | Offered knowledge of Poisonous Vapours by Vehumet.
  7382 | D:7      | Reached skill level 1 in Armour
  7385 | D:7      | Reached ** piety under Vehumet
  7426 | D:7      | Reached skill level 1 in Earth Magic
  7426 | D:7      | Reached XP level 10. HP: 24/53 MP: 1/21
  9364 | D:8      | Found Nusixeg's Book Shoppe.
  9766 | D:8      | Offered knowledge of Searing Ray by Vehumet.
 10686 | D:8      | Reached *** piety under Vehumet
 11163 | D:9      | Noticed a two-headed ogre
 11171 | D:9      | Killed a two-headed ogre
 11172 | D:9      | Reached XP level 11. HP: 58/58 MP: 12/24
 11676 | D:10     | Entered Level 10 of the Dungeon
 12123 | D:10     | Noticed Maurice
 12179 | D:10     | Noticed Snorg
 12243 | D:10     | Found a staircase to the Lair.
 12289 | D:10     | Offered knowledge of Hailstorm by Vehumet.
 12295 | D:10     | Learned a level 4 spell: Hailstorm
 12414 | D:10     | Noticed a two-headed ogre
 12426 | D:10     | Killed a two-headed ogre
 12831 | D:10     | Killed Maurice
 12941 | D:10     | HP: 2/58 [Snorg (15)]
 12946 | D:10     | Slain by Snorg

Illustrated notes

Levels and vault maps discovered:
D:1:      nicolae_arrival_washed_ashore, layout_rooms, serial_shops, shop,
          ebering_ecumenical_altar_petrified, kennysheep_doodads
D:2:      layout_rooms
D:3:      layout_loops_ring, uniq_natasha, uniq_grinder,
          uniq_crazy_yiuf_cottage, uniq_robin
D:4:      layout_basic, tso_oasis_becter, minmay_temple_entry_gardened_gates,
          hangedman_decor_growths
D:5:      layout_cave_pools, portal_sewer_entry_e
D:6:      layout_basic, serial_shops, shop, grunt_decor_fettered
D:7:      layout_layer_cave, chequers_serial_rivers_small_b, uniq_pikel
D:8:      layout_gridville, serial_shops, shop
D:9:      layout_grid_maze
D:10:     layout_big_octagon, lair_entry_dummy, serial_gnoll_camp,
          gnoll_camp_mini_hut, gnoll_camp_medium_01, gnoll_camp_mini_house,
          gnoll_camp_huts_basic, uniq_snorg, uniq_maurice
Temple:   grunt_wide_crystal_templ

Skill      XL: |  1  2  3  4  5  6  7  8  9 10 11 |
---------------+----------------------------------+-----
Conjurations   | 3 4 5 7 9 |  9.7
Fire Magic     | 4 5 6 7 8 9 |  9.2
Spellcasting   | 3 4 5 6 7 9 |  9.4
Maces & Flails | 1 2 3 |  3.5
Fighting       | 1 2 |  2.5
Dodging        | 2 3 4 |  4.0
Armour         | 1 4 |  4.4
Earth Magic    | 1 |  1.2
Stealth        | |  2.1

Action                   |  1- 3 |  4- 6 |  7- 9 | 10-12 || total
-------------------------+-------+-------+-------+-------++-------
Melee: Unarmed           |     5 |       |       |       ||     5
       Mace              |     1 |    34 |    45 |       ||    80
       Whip              |       |       |       |   107 ||   107
 Cast: Foxfire           |    52 |    54 |   219 |   305 ||   630
       Sticky Flame      |       |       |     8 |    32 ||    40
       Conjure Flame     |       |       |     4 |       ||     4
       Sandblast         |       |       |     3 |       ||     3
       Fireball          |       |       |       |     2 ||     2
  Use: Scroll            |     2 |     3 |     5 |     4 ||    14
       Potion            |       |     1 |       |     3 ||     4
Armor: Robe              |     4 |     6 |    25 |       ||    35
       Ring mail         |       |       |    18 |    90 ||   108
Dodge: Dodged            |     6 |    35 |    90 |   145 ||   276

Table legend: (Time is in decaauts)
 A = Elapsed time spent in this place.
 B = Non-inter-level travel time spent in this place.
 C = Inter-level travel time spent in this place.
 D = Time resting spent in this place.
 E = Time spent auto-exploring this place.
 F = Levels seen in this place.
 G = Mean time per level.
                   A        B        C        D        E       F      G
               +--------+--------+--------+--------+--------+-----+--------+
         Total |  12979 |  12400 |    579 |    809 |   9658 |  11 | 1179.9 |
       Dungeon |  12896 |  12333 |    563 |    809 |   9596 |  10 | 1289.6 |
        Temple |     82 |     66 |     16 |      0 |     62 |   1 |   82.0 |
               +--------+--------+--------+--------+--------+-----+--------+

Top non-repeatable levels by time:
     D:8: 1768 daAuts
     D:7: 1717 daAuts
     D:3: 1496 daAuts
     D:4: 1458 daAuts
     D:6: 1415 daAuts
    D:10: 1260 daAuts
     D:1: 1002 daAuts
     D:9: 971 daAuts
     D:5: 920 daAuts
     D:2: 885 daAuts
  Temple: 82 daAuts
